 Dungeon Crawl Stone Soup version 0.30-a0-476-g330ca2eb8e (webtiles) character file.

Game seed: 9784614337215697286

2325 Iflex the Stinger (level 9, 0/61 HPs)
             Began as a Demonspawn Venom Mage on Dec 21, 2022.
             Was a Priest of Sif Muna.
             Shot with a sling bullet by Joseph (22 damage)
             ... on level 7 of the Dungeon.
             The game lasted 01:37:55 (8977 turns).

Iflex the Stinger (Demonspawn Venom Mage)           Turns: 8977, Time: 01:37:55

Health: 0/61       AC:  4    Str:  9    XL:     9   Next: 19%
Magic:  11/18      EV: 14    Int: 20    God:    Sif Muna [***...]
Gold:   392        SH:  5    Dex: 20    Spells: 10/20 levels left

rFire   . . .      SeeInvis .    r - +2 scythe (freeze)
rCold   . . .      Faith    .    (shield currently unavailable)
rNeg    . . .      Spirit   .    a - +0 robe
rPois   .          Reflect  +    (helmet restricted)
rElec   .          Harm     .    (no cloak)
rCorr   .          Rampage  .    (no gloves)
Will    .....                    (no boots)
Stlth   ++........               f - amulet of reflection
HPRegen 0.30/turn                v - +6 ring of dexterity
MPRegen 0.16/turn                w - ring of flight

@: flying
A: horns 1, thin metallic scales 1, demonic guardian 1
a: Renounce Religion, Channel Magic, Forget Spell


You were on level 7 of the Dungeon.
You worshipped Sif Muna.
Sif Muna was most pleased with you.
You visited 2 branches of the dungeon, and saw 8 of its levels.
You also visited: Ossuary.

You collected 392 gold pieces.

Inventory:

Hand Weapons
 d - a +0 dagger
 e - a +0 club
 l - a +1 vampiric short sword
 r - a +2 scythe of freezing (weapon)
Missiles
 m - 49 stones (quivered)
Armour
 a - a +0 robe (worn)
 j - an orb of energy
 s - an orb of wrath
Jewellery
 f - an amulet of reflection (around neck)
 v - a +6 ring of dexterity (left hand)
 w - a ring of flight (right hand)
Wands
 g - a wand of polymorph (19)
Scrolls
 c - 5 scrolls of teleportation
 i - 2 scrolls of torment
 o - a scroll of immolation {unknown}
 p - a scroll of enchant weapon {unknown}
 q - a scroll of fog {unknown}
 u - a scroll of poison {unknown}
 y - a scroll of amnesia {unknown}
 A - a scroll of blinking
Potions
 b - a potion of magic
 h - a potion of mutation
 k - 3 potions of attraction
 n - a potion of invisibility
 t - a potion of might {unknown}
 x - a potion of brilliance {unknown}
 z - 3 potions of curing
 B - 2 potions of ambrosia
 C - a potion of heal wounds


   Skills:
 + Level 2.0 Fighting
 + Level 0.1 Short Blades
 - Level 1.0 Polearms
 - Level 0.1(0.5) Staves
 - Level 0.4 Throwing
 + Level 3.7 Dodging
 + Level 2.6 Stealth
 - Level 0.3 Shields
 + Level 6.2 Spellcasting
 + Level 3.6 Transmutations
 + Level 1.8 Air Magic
 + Level 1.9 Earth Magic
 * Level 7.3 Poison Magic
 * Level 3.4 Invocations


You had 10 spell levels left.
You knew the following spells:

 Your Spells              Type           Power      Damage    Failure   Level
a - Sting                 Tmut/Pois      100%       1d8       1%          1
b - Passwall              Tmut/Erth      14%        N/A       4%          2
c - Poisonous Vapours     Pois/Air       48%        N/A       2%          2
d - Sandblast             Erth           28%        2d8       4%          1
e - Olgreb's Toxic Radia  Pois           35%        N/A       4%          4

Your spell library contained the following spells:

 Spells                   Type           Power      Damage    Failure   Level
 Spider Form              Tmut/Pois      28%        N/A       3%          3
 Mephitic Cloud           Conj/Pois/Air  18%        N/A       9%          3
 Ensorcelled Hibernation  Hex/Ice        12%        N/A       16%         2
 Stone Arrow              Conj/Erth      20%        3d8       21%         3
 Anguish                  Hex/Necr       3%         N/A       71%         4


Dungeon Overview and Level Annotations

Branches:
Dungeon (7/15)             Temple (1/1) D:5         Ossuary (visited)

Altars:
Ashenzari
Cheibriados
Hepliaklqana
Kikubaaqudgha
Nemelex Xobeh
Okawaru
Qazlal
Ru
Sif Muna
Trog
Uskayaw
Vehumet
Wu Jian
Xom
Yredelemnul

Shops:
D:7 ?

Annotations:
D:7 Joseph


Innate Abilities, Weirdness & Mutations

You have a pair of small horns on your head.
You are partially covered in thin metallic scales. (AC +2)
A weak demonic guardian rushes to your aid.


Message History

Aim: Joseph, wielding a +1 sling of freezing and wearing a +0 ring mail (poisoned) Poisonous vapours surround Joseph!
Joseph looks even sicker.
Joseph shoots a sling bullet.
The sling bullet barely misses you.
Casting: Poisonous Vapours (safe; 2% risk of failure)
Confirm with . or Enter, or press ? or * to list all spells.
Aiming: Poisonous Vapours (safe; 2% risk of failure)
Press: ? - help, Dir - move target, f/p - Joseph
Aim: Joseph, wielding a +1 sling of freezing and wearing a +0 ring mail (very poisoned) Poisonous vapours surround Joseph!
Joseph looks as sick as possible!
Joseph says, "I'm here to kill trespassers.
I like my job."
Joseph shoots a sling bullet.
The sling bullet hits you! The sling bullet freezes you.
A jelly comes into view.
Found 13 gold pieces.
The jelly quivers.
Joseph shoots a sling bullet.
You reflect the sling bullet off an invisible shield around you!
The sling bullet hits Joseph!
The sling bullet freezes Joseph.
The jelly moves out of view.
Casting: Poisonous Vapours (safe; 2% risk of failure)
Confirm with . or Enter, or press ? or * to list all spells.
Aiming: Poisonous Vapours (safe; 2% risk of failure)
Press: ? - help, Dir - move target, f/p - Joseph
Aim: Joseph, wielding a +1 sling of freezing and wearing a +0 ring mail (heavily wounded, very poisoned) Poisonous vapours surround Joseph!
Joseph looks even sicker.
Joseph shoots a sling bullet.
The sling bullet completely misses you.
Casting: Poisonous Vapours (safe; 2% risk of failure)
Confirm with . or Enter, or press ? or * to list all spells.
Aiming: Poisonous Vapours (safe; 2% risk of failure)
Press: ? - help, Dir - move target, f/p - Joseph
Aim: Joseph, wielding a +1 sling of freezing and wearing a +0 ring mail (heavily wounded, very poisoned) Poisonous vapours surround Joseph!
Joseph looks as sick as possible!
Joseph shoots a sling bullet.
The sling bullet hits you!!
A demonic guardian appears!
The sling bullet freezes you!
The jelly barely misses your shadow imp.
Your shadow imp hits the jelly.
Your shadow imp is burned by acid!
Found a twisted glowing staff.
Joseph shoots a sling bullet.
The sling bullet hits you!!
You die...

#.# #.#
#.#.##.##. #.#
#.# #.# #.#
#.#.##.##. ...
..# #.#
#.####.#.##.####
^#. #.#
#.##<...........
#. #.#
#.@....J....###
#.#
####...#5#.....
###@##.#.####
#.._...#.#####.|.
#.#.#....@.......
#............#...
##.#..##.###.#
........$# ..
######.#### ##
#.. ####


You could see Joseph (very poisoned).

Vanquished Creatures
  Sigmund (D:3)
  Eustachio (D:5)
  Menkaure (Ossuary)
  Edmund (D:6)
  An ice beast (D:6)
  A sky beast (D:6)
  3 water moccasins
  3 ogres
  A necrophage (D:7)
  A bullfrog (D:7)
  2 scorpions
  A howler monkey (D:6)
  2 orc priests (D:5)
  3 hounds
  2 iguanas
  2 orc wizards (D:5)
  3 mummies (Ossuary)
  9 gnolls
  8 adders
  7 river rats (D:5)
  2 shadow imps
  An ufetubus (D:7)
  3 worms
  4 dart slugs
  14 orcs
  6 bats
  11 endoplasms
  6 giant cockroaches
  5 gnoll zombies (Ossuary)
  6 goblins
  3 hobgoblins
  9 jackals
  16 kobolds
  9 quokkas
  7 ball pythons
  3 frilled lizards
  6 gnoll skeletons (Ossuary)
  6 goblin skeletons (Ossuary)
  4 goblin zombies (Ossuary)
  2 hobgoblin skeletons (Ossuary)
  4 hobgoblin zombies (Ossuary)
  7 kobold skeletons (Ossuary)
  3 orc skeletons (Ossuary)
  5 orc zombies (Ossuary)
  23 rats
  A rat skeleton (Ossuary)
  7 rat zombies (Ossuary)
226 creatures vanquished.

Vanquished Creatures (collateral kills)
  An iguana (D:6)
  A gnoll (D:4)
  A river rat (D:5)
  A goblin (D:1)
4 creatures vanquished.

Vanquished Creatures (others)
  11 plants (D:2)
11 creatures vanquished.

Grand Total: 241 creatures vanquished

Notes
Turn   | Place    | Note
-------+----------+-------------------------------------------
     0 | D:1      | Iflex the Demonspawn Venom Mage began the quest for the
                  | Orb.
     0 | D:1      | Reached XP level 1. HP: 13/13 MP: 3/3
   181 | D:1      | Gained mutation: A weak demonic guardian rushes to your
                  | aid. [demonic ancestry]
   181 | D:1      | Reached XP level 2. HP: 19/19 MP: 1/5
   293 | D:1      | Reached skill level 1 in Transmutations
   689 | D:1      | Reached XP level 3. HP: 18/24 MP: 4/6
  1055 | D:1      | Found a faded altar of an unknown god.
  1753 | D:2      | Gained mutation: You have a pair of small horns on your
                  | head. [demonic ancestry]
  1753 | D:2      | Reached XP level 4. HP: 30/30 MP: 5/8
  1896 | D:2      | You fall into a shaft and drop 1 floor!
  1896 | D:3      | Found a stormy altar of Qazlal.
  2114 | D:2      | Learned a level 2 spell: Passwall
  2117 | D:2      | Learned a level 2 spell: Poisonous Vapours
  2209 | D:2      | Reached skill level 4 in Poison Magic
  2589 | D:3      | Noticed Sigmund
  2640 | D:4      | Reached XP level 5. HP: 30/35 MP: 4/9
  3297 | D:4      | Reached XP level 6. HP: 30/41 MP: 0/10
  3479 | D:5      | Entered Level 5 of the Dungeon
  3479 | D:5      | Noticed a water moccasin
  3484 | D:4      | Learned a level 1 spell: Sandblast
  3592 | D:3      | Found a shimmering blue altar of Sif Muna.
  3738 | D:3      | Noticed a +0 short sword
  3738 | D:3      | Noticed a +0 falchion
  3738 | D:3      | Noticed a +0 spear
  3740 | D:3      | Noticed a +0 short sword
  3740 | D:3      | Noticed a +0 dagger
  3740 | D:3      | Noticed a +0 spear
  3741 | D:3      | Noticed a +0 falchion
  3744 | D:3      | Noticed a +0 dagger
  3745 | D:3      | Found a hide-covered altar of Uskayaw.
  3893 | D:3      | Became a worshipper of Sif Muna the Loreminder
  4236 | D:3      | Killed Sigmund
  4237 | D:3      | Reached skill level 5 in Poison Magic
  4766 | D:5      | Noticed Eustachio
  4862 | D:5      | Killed Eustachio
  4863 | D:5      | Reached skill level 1 in Air Magic
  4863 | D:5      | Gained mutation: You are partially covered in thin metallic
                  | scales. (AC +2) [demonic ancestry]
  4863 | D:5      | Reached XP level 7. HP: 31/47 MP: 11/13
  5097 | D:5      | Found a snail-covered altar of Cheibriados.
  5255 | D:5      | Reached * piety under Sif Muna
  5269 | D:5      | Reached skill level 1 in Polearms
  5269 | D:5      | Reached skill level 1 in Invocations
  5400 | D:5      | Found a staircase to the Ecumenical Temple.
  5410 | Temple   | Entered the Ecumenical Temple
  5760 | D:5      | Reached XP level 8. HP: 22/53 MP: 9/15
  6009 | D:5      | Reached skill level 5 in Spellcasting
  6176 | D:5      | Reached skill level 6 in Poison Magic
  6181 | D:5      | Learned a level 4 spell: Olgreb's Toxic Radiance
  6421 | D:5      | Reached ** piety under Sif Muna
  6646 | D:6      | Reached skill level 1 in Fighting
  6701 | D:6      | Noticed Edmund
  6768 | D:6      | Killed Edmund
  6769 | D:6      | Reached skill level 1 in Earth Magic
  7227 | D:6      | HP: 2/54 [iguana (11)]
  8088 | D:7      | Noticed Joseph
  8172 | D:7      | Reached skill level 7 in Poison Magic
  8172 | D:7      | Reached XP level 9. HP: 47/59 MP: 14/18
  8349 | D:7      | Found a broken altar of Ashenzari.
  8349 | D:7      | Found Niuckit's Magic Scroll Emporium.
  8403 | D:7      | Found a sand-covered staircase.
  8412 | Ossuary  | Entered an ossuary
  8595 | Ossuary  | Reached *** piety under Sif Muna
  8713 | Ossuary  | Noticed Menkaure
  8727 | Ossuary  | Killed Menkaure
  8977 | D:7      | Shot with a sling bullet by Joseph

Illustrated notes

Levels and vault maps discovered:
D:1:      amcnicky_arrival_underground_garden, layout_basic,
          hellmonk_ecumenical_altar_prayer_group, kennysheep_small_spiral,
          kennysheep_minor_cross
D:2:      layout_loops_ring, lexackson_kobold_supper
D:3:      layout_loops_ring, amcnicky_altar_gilded,
          mainiacjoe_overflow_cross_hatched, nicolae_uskayaw_en_pointe,
          moated_statue, kennysheep_big_empty_room, supply_closet_lemuel,
          uniq_sigmund
D:4:      layout_rooms
D:5:      lemuel_ratsnest, layout_rooms, slow_altar_1,
          minmay_temple_entry_junction, uniq_eustachio
D:6:      layout_gridville, uniq_edmund
D:7:      layout_loops_ring, lemuel_crystal_altar, nicolae_ashenzari_skybound,
          serial_shops, nicolae_shop_hallway_plus, enter_ossuary_3, uniq_joseph
Temple:   hellmonk_temple_flake

Skill      XL: |  1  2  3  4  5  6  7  8  9 |
---------------+----------------------------+-----
Transmutations | 1 2 3 |  3.6
Poison Magic   | 4 5 7 |  7.3
Dodging        | 2 3 |  3.7
Spellcasting   | 3 4 6 |  6.2
Stealth        | 2 |  2.6
Air Magic      | 1 |  1.8
Polearms       | 1 |  1.0
Invocations    | 2 3 |  3.4
Fighting       | 1 2 |  2.0
Earth Magic    | 1 |  1.9
Short Blades   | |  0.1
Staves         | |  0.1
Throwing       | |  0.4
Shields        | |  0.3

Action                   |  1- 3 |  4- 6 |  7- 9 || total
-------------------------+-------+-------+-------++-------
Melee: Dagger            |    24 |    65 |       ||    89
       Headbutt          |       |     8 |    38 ||    46
       Halberd           |       |     9 |   219 ||   228
       Punch             |       |     2 |       ||     2
Throw: Stone             |     1 |     3 |       ||     4
 Cast: Sting             |    78 |    63 |    58 ||   199
       Poisonous Vapours |       |    24 |    56 ||    80
       Passwall          |       |     6 |     2 ||     8
       Sandblast         |       |       |    25 ||    25
       Olgreb's Toxic Ra |       |       |     1 ||     1
  Use: Scroll            |       |     5 |     4 ||     9
       Potion            |       |     1 |     3 ||     4
 Stab: Sleeping          |       |     3 |     1 ||     4
Armor: Robe              |     4 |    21 |    49 ||    74
Dodge: Dodged            |    44 |    58 |   167 ||   269
Block: Other             |    18 |    22 |    66 ||   106
       Reflection        |     3 |       |     1 ||     4

Table legend: (Time is in decaauts)
 A = Elapsed time spent in this place.
 B = Non-inter-level travel time spent in this place.
 C = Inter-level travel time spent in this place.
 D = Time resting spent in this place.
 E = Time spent auto-exploring this place.
 F = Levels seen in this place.
 G = Mean time per level.
                   A        B        C        D        E       F      G
               +--------+--------+--------+--------+--------+-----+--------+
         Total |   9094 |   8859 |    235 |   1290 |   4954 |   9 | 1010.4 |
       Dungeon |   8223 |   7988 |    235 |   1174 |   4536 |   7 | 1174.7 |
        Temple |    304 |    304 |      0 |    116 |    149 |   1 |  304.0 |
       Ossuary |    566 |    566 |      0 |      0 |    269 |   1 |  566.0 |
               +--------+--------+--------+--------+--------+-----+--------+

Top non-repeatable levels by time:
     D:6: 1590 daAuts
     D:5: 1576 daAuts
     D:2: 1424 daAuts
     D:3: 1211 daAuts
     D:1: 1099 daAuts
     D:4: 995 daAuts
 Ossuary: 566 daAuts
     D:7: 325 daAuts
  Temple: 304 daAuts
